 Dungeon Crawl Stone Soup version 0.27-a0-1334-g2746e35aca (webtiles) character file.

Game seed: 3126084119151080988

16 Sweetruy1997 the Chiller (level 2, -1/20 HPs)
             Began as a Ghoul Ice Elementalist on June 27, 2021.
             Slain by a jackal (2 damage)
             ... on level 1 of the Dungeon.
             The game lasted 00:01:54 (745 turns).

Sweetruy1997 the Chiller (Ghoul Ice Elementalist)    Turns: 745, Time: 00:01:55

Health: -1/20      AC:  2    Str: 11    XL:     2   Next: 58%
Magic:  1/4        EV: 12    Int: 10    God:
Gold:   29         SH:  0    Dex:  9    Spells: 4/5 levels left

rFire    . . .     SeeInvis .   b - +0 dagger
rCold    + . .     Faith    .   (no shield)
rNeg     + + +     Spirit   .   a - +0 robe
rPois    ∞         Reflect  .   (no helmet)
rElec    .         Harm     .   (no cloak)
rCorr    .         Rampage  .   (no gloves)
Will     .....                  (no boots)
Stlth    ++........             (no amulet)
HPRegen  0.00/turn              (no ring)
MPRegen  0.09/turn              (no ring)

@: no status effects
A: claws 1, cold resistance 1, negative energy resistance 3, inhibited
regeneration, torment resistance 2
a: no special abilities


You were on level 1 of the Dungeon.
You visited 1 branch of the dungeon, and saw 1 of its levels.

You collected 29 gold pieces.

Inventory:

Hand Weapons
 b - a +0 dagger (weapon)
Armour
 a - a +0 robe (worn)


   Skills:
 + Level 1.9 Dodging
 + Level 2.1 Stealth
 + Level 2.0 Spellcasting
 + Level 4.8 Ice Magic


You had 4 spell levels left.
You knew the following spells:

 Your Spells              Type           Power      Damage    Failure   Level
a - Freeze                Ice            40%        1d6       4%          1

Your spell library contained the following spells:

 Spells                   Type           Power      Damage    Failure   Level
 Frozen Ramparts          Ice            20%        1d4       13%         3
 Ozocubu's Armour         Ice            10%        N/A       13%         3
 Hailstorm                Conj/Ice       5%         3d4       75%         4
 Metabolic Englaciation   Hex/Ice        2%         N/A       97%         5


Dungeon Overview and Level Annotations

Branches:
Dungeon (1/15)

Altars:


Innate Abilities, Weirdness & Mutations

You thrive by killing the living.
You are immune to poison.
You have sharp fingernails.
Your flesh is cold resistant. (rC+)
You are immune to negative energy. (rN+++)
You do not regenerate when monsters are visible.
You are immune to unholy pain and torment.


Message History

The jackal closely misses you.
The jackal bites you but does no damage.
The jackal barely misses you.
You barely miss the jackal.
The jackal is moderately wounded.
The jackal barely misses you. The jackal completely misses you.
The jackal bites you.
You hit the jackal.
The jackal is almost dead.
The jackal barely misses you. x2; The jackal misses you.
You closely miss the jackal.
The jackal is almost dead.
The jackal misses you. The jackal barely misses you.
You barely miss the jackal.
The jackal is severely wounded.
The jackal completely misses you. The jackal bites you.
The jackal barely misses you.
You closely miss the jackal.
The jackal is severely wounded.
The jackal barely misses you.
The jackal bites you but does no damage.
The jackal bites you.
* * * LOW HITPOINT WARNING * * *
You hit the jackal but do no damage.
The jackal is severely wounded.
The jackal closely misses you. x2; The jackal barely misses you.
The jackal bites you.
* * * LOW HITPOINT WARNING * * *
You are too injured to fight recklessly!
Casting: Freeze (safe; 4% risk of failure)
Confirm with . or Enter, or press ? or * to list all spells.
Aiming: Freeze (safe; 4% risk of failure)
Press: ? - help, Shift-Dir - straight line, f - jackal
Aim: a jackal You freeze the jackal.
The jackal is severely wounded.
The jackal misses you. The jackal barely misses you. The jackal bites you.
* * * LOW HITPOINT WARNING * * *
The jackal bites you.
You die...

...................# ######.
...................#.#....#.
...................#......#+
......†............#####....
#.......).............+....
..................######....
..#######.........##........
#.hh......##)#......
#..@......##'###....
####................
#................
#...÷..........#'
#..............#.
#.......########. #.......#
#. ######.......# #.
#..........### #.


You could see 2 jackals.

Vanquished Creatures
  3 ball pythons (D:1)
  2 endoplasms (D:1)
  3 hobgoblins (D:1)
  A jackal (D:1)
  A quokka (D:1)
  3 frilled lizards (D:1)
  A goblin (D:1)
  A kobold (D:1)
15 creatures vanquished.

Notes
Turn   | Place    | Note
-------+----------+-------------------------------------------
     0 | D:1      | Sweetruy1997 the Ghoul Ice Elementalist began the quest for
                  | the Orb.
     0 | D:1      | Reached XP level 1. HP: 14/14 MP: 2/2
   360 | D:1      | Reached XP level 2. HP: 15/20 MP: 0/3
   743 | D:1      | HP: 1/20 [jackal (2)]
   745 | D:1      | Slain by a jackal

Illustrated notes

Levels and vault maps discovered:
D:1:      eino_arrival_druids_welcome, layout_basic

Skill      XL: |  1  2 |
---------------+-------+-----
Spellcasting   | 2 |  2.0
Dodging        | |  1.9
Stealth        | |  2.1
Ice Magic      | |  4.8

Action                   || total
-------------------------++-------
Melee: Unarmed           ||     7
       Dagger            ||    20
 Cast: Freeze            ||    20
Armor: Robe              ||     5
Dodge: Dodged            ||    36

Table legend: (Time is in decaauts)
 A = Elapsed time spent in this place.
 B = Non-inter-level travel time spent in this place.
 C = Inter-level travel time spent in this place.
 D = Time resting spent in this place.
 E = Time spent auto-exploring this place.
 F = Levels seen in this place.
 G = Mean time per level.
                   A        B        C        D        E       F      G
               +--------+--------+--------+--------+--------+-----+--------+
         Total |    744 |    744 |      0 |    277 |    361 |   1 |  744.0 |
       Dungeon |    744 |    744 |      0 |    277 |    361 |   1 |  744.0 |
               +--------+--------+--------+--------+--------+-----+--------+

Top non-repeatable levels by time:
     D:1: 744 daAuts
